 Dungeon Sprint DCSS version 0.31.0-9-g3a7656b989 (webtiles) character file.

Game seed: 7479675633506196576

904 Heoruswealwe the Spear-Bearer (level 7, 0/73 HPs)
             Began as a Minotaur Fighter on Jan 31, 2024.
             Was an Initiate of Gozag.
             Slain by a two-headed ogre
             ... wielding a +0 giant spiked club
              (3 damage)
             ... in the Dungeon (Sprint IX: "|||||||||||||||||||||||||||||").
             The game lasted 00:01:08 (114 turns).

Heoruswealwe the Spear-Bearer (Minotaur Fighter)     Turns: 114, Time: 00:01:09

Health: 0/73       AC:  8    Str: 22    XL:     7   Next: 80%
Magic:  6/6        EV:  9    Int:  5    God:    Gozag
Gold:   0          SH:  4    Dex: 10    Spells: 6/6 levels left

rFire   . . .        a - +0 trident
rCold   . . .        d - +0 buckler
rNeg    . . .        c - +0 scale mail
rPois   .            (helmet restricted)
rElec   .            (no cloak)
rCorr   .            (no gloves)
SInv    .            (no boots)
Will    .....        (no amulet) Stlth
                     (no ring)
HPRegen 0.32/turn    (no ring)
MPRegen 0.10/turn

%: no teleportation
@: gold aura
A: horns 2, retaliatory headbutt
a: Renounce Religion, Potion Petition, Call Merchant, Bribe Branch


You were in the Dungeon.
You worshipped Gozag.
Gozag was noncommittal.
You visited 1 branch

Inventory:

Hand Weapons
 a - a +0 trident (weapon)
Armour
 c - a +0 scale mail (worn)
 d - a +0 buckler (worn)
Jewellery
 k - a +2 ring of protection
 l - a +2 ring of protection
Wands
 h - a wand of quicksilver (10)
Scrolls
 j - 2 scrolls of blinking
Potions
 b - a potion of might
 e - 5 potions of curing
 f - 2 potions of heal wounds
 g - a potion of haste
 i - a potion of berserk rage


   Skills:
 + Level 10.9 Fighting
 * Level 14.4 Polearms
 + Level 10.9 Armour
 - Level 3.6 Shields


You had 6 spell levels left.
You didn't know any spells.
Your spell library was empty.

Dungeon Overview and Level Annotations

Branches:
Dungeon (1/1)

Altars:
Cheibriados
Dithmenos
Elyvilon
Fedhas
Gozag
Hepliaklqana
Kikubaaqudgha
Makhleb
Nemelex Xobeh
Okawaru
Qazlal
Ru
Sif Muna
Trog
Uskayaw
Vehumet
Wu Jian
Xom
Yredelemnul
Zin
The Shining One
Jiyva
Lugonu


Innate Abilities, Weirdness & Mutations

You have a pair of horns on your head.
You reflexively headbutt those who attack you in melee.


Message History

The two-headed ogre hits you with a +0 giant club.
* * * LOW HITPOINT WARNING * * *
You hear a shout! x2; You hear an angry hiss.
You puncture the two-headed ogre!
The two-headed ogre is severely wounded.
You hit the two-headed ogre but do no damage.
You headbutt the two-headed ogre.
The two-headed ogre is almost dead.
The two-headed ogre is distracted by your dazzling golden aura.
You barely miss the two-headed ogre.
The two-headed ogre is no longer distracted by gold.
The two-headed ogre shouts in stereo!
Your headbutt misses the two-headed ogre.
The two-headed ogre is almost dead.
You hit the two-headed ogre but do no damage.
The two-headed ogre is almost dead.
You block the two-headed ogre's attack.
The two-headed ogre hits you but does no damage.
You barely miss the two-headed ogre.
The two-headed ogre is almost dead.
The howler monkey hoots and howls with incredible vigour!
You hear a shout!
You barely miss the two-headed ogre.
The two-headed ogre is almost dead.
The two-headed ogre is distracted by your dazzling golden aura.
The two-headed ogre shouts in stereo!
You puncture the two-headed ogre!
You kill the two-headed ogre!
The howler monkey hoots and howls with incredible vigour!
Your Fighting skill gained 2 levels and is now at level 10!
Your Polearms skill gained 3 levels and is now at level 14!
Your Armour skill gained 2 levels and is now at level 10!
You have reached level 7!
You hit the two-headed ogre but do no damage.
Your headbutt misses the two-headed ogre.
The orc wizard mumbles some strange words.
The orc wizard flickers and vanishes!
The two-headed ogre barely misses you.
The two-headed ogre hits you with a +0 giant club.
You die...
Your body crumbles into a pile of gold. ▓▓▓▓▓▓▓▓▓▓▓▓▓▓▓▓▓▓▓▓▓▓▓▓ _______'!?).[[[.@O.h{{.. ▓▓▓▓▓▓▓▓▓▓▓▓▓▓▓▓▓▓▓▓▓▓▓▓

You could see a two-headed ogre and a howler monkey (catching breath).

Vanquished Creatures
  A two-headed ogre (D)
  A troll (D)
  A scorpion (D)
  A sleepcap (D)
  An orc wizard (D)
  A gnoll (D)
  3 ball pythons (D)
  2 endoplasms (D)
  A jackal (D)
12 creatures vanquished.

Notes
Turn   | Place    | Note
-------+----------+-------------------------------------------
     0 | D        | Heoruswealwe the Minotaur Fighter began the quest for the
                  | Orb.
     0 | D        | Reached XP level 1. HP: 19/19 MP: 0/0
     5 | D        | Reached skill level 3 in Polearms
    18 | D        | Noticed an orc wizard
    18 | D        | Noticed a scorpion
    18 | D        | Noticed a sleepcap
    27 | D        | Reached skill level 4 in Polearms
    27 | D        | Reached XP level 2. HP: 27/28 MP: 1/1
    33 | D        | Reached skill level 5 in Fighting
    33 | D        | Reached skill level 6 in Polearms
    33 | D        | Reached skill level 5 in Armour
    33 | D        | Reached XP level 3. HP: 27/36 MP: 2/2
    34 | D        | Killed a scorpion
    35 | D        | Reached skill level 7 in Polearms
    35 | D        | Reached XP level 4. HP: 34/45 MP: 3/3
    44 | D        | Reached skill level 8 in Polearms
    51 | D        | Found a snail-covered altar of Cheibriados.
    51 | D        | Found a shadowy altar of Dithmenos.
    51 | D        | Found a white marble altar of Elyvilon.
    51 | D        | Found a blossoming altar of Fedhas.
    51 | D        | Found an opulent altar of Gozag.
    52 | D        | Found a hazy altar of Hepliaklqana.
    53 | D        | Found a viscous altar of Jiyva.
    54 | D        | Found an ancient bone altar of Kikubaaqudgha.
    55 | D        | Found a corrupted altar of Lugonu.
    56 | D        | Found a burning altar of Makhleb.
    57 | D        | Found a sparkling altar of Nemelex Xobeh.
    58 | D        | Found an iron altar of Okawaru.
    59 | D        | Became a worshipper of Gozag Ym Sagoz the Greedy
    60 | D        | Found a stormy altar of Qazlal.
    61 | D        | Found a sacrificial altar of Ru.
    62 | D        | Found a shimmering blue altar of Sif Muna.
    63 | D        | Found a bloodstained altar of Trog.
    64 | D        | Found a hide-covered altar of Uskayaw.
    65 | D        | Found a radiant altar of Vehumet.
    66 | D        | Found an ornate altar of the Wu Jian Council.
    67 | D        | Found a shimmering altar of Xom.
    68 | D        | Found a basalt altar of Yredelemnul.
    69 | D        | Found a glowing silver altar of Zin.
    70 | D        | Found a glowing golden altar of the Shining One.
    95 | D        | Noticed a troll
    95 | D        | Noticed a two-headed ogre
    95 | D        | Noticed a two-headed ogre
    98 | D        | Killed a troll
    99 | D        | Reached skill level 11 in Polearms
    99 | D        | Reached XP level 5. HP: 23/56 MP: 4/4
    99 | D        | Reached XP level 6. HP: 25/62 MP: 5/5
   106 | D        | HP: 1/62 [two-headed ogre/+0 giant club (3)]
   113 | D        | Killed a two-headed ogre
   114 | D        | Reached skill level 10 in Fighting
   114 | D        | Reached skill level 14 in Polearms
   114 | D        | Reached skill level 10 in Armour
   114 | D        | Reached XP level 7. HP: 3/73 MP: 6/6
   114 | D        | Slain by a two-headed ogre

Illustrated notes

Levels and vault maps discovered:
D:        linesprint [early_d, line_temple, items_1, d_10, items_2, lair_1,
          lair_end, items_3, orc_1, orc_end, items_4, d_15, swamp_1, shoals_1,
          snake_1, spider_1, d_20, vaults_1, items_5, swamp_end, shoals_end,
          snake_end, spider_end, vaults_end, d_27, items_6, zot_1, zot_end,
          crypt_end, forest_end, elf_end, slime_end, tomb_end, abyss_end,
          pan_hell_end]

Skill      XL: |  1  2  3  4  5  6 |
---------------+-------------------+-----
Polearms       | 4 6 7 11 14 | 14.4
Fighting       | 4 5 6 8 10 | 10.9
Armour         | 4 5 6 8 10 | 10.9
Shields        | |  3.6

Action                     |  1- 3 |  4- 6 |  7- 9 || total
---------------------------+-------+-------+-------++-------
  Melee: Trident           |    23 |    27 |     1 ||    51
         Headbutt          |     4 |     8 |       ||    12
    Use: Potion            |     1 |       |       ||     1
 Armour: Scale mail        |    11 |    11 |     1 ||    23
  Dodge: Dodged            |     5 |     7 |     1 ||    13
  Block: Buckler           |     3 |     4 |       ||     7
